AoeStats
← audi_225

African Clearing

503854818Analyzed
4v4 RM · 29d ago on Sep 2, 2026· 43m 41s· 8 players
Game mode
Random Map
Map size
Large (8 player)
Population
200
Speed
Normal
Resources
Standard
Victory
Conquest
Starting age
Dark Age
Ending age
Imperial Age
RankedLock teamsTeams togetherTeam positionsShared explorationLock speedFull tech treeHidden civsTurbo modeCheats
Victory
Defeat
🇨🇳 Vietnamese · China
1586
+13
🇨🇳 Koreans · China
1552
+14
🇨🇳 Mongols · China
1503
+16
🇨🇦 Magyars · Canada
1493
+17
🇩🇪 Mongols · Germany
1546
-17
🇮🇹 Italians · Italy
1528
-16
🇩🇪 Cumans · Germany
1495
-14
🇺🇦 Saracens · Ukraine
1477
-13
hermelin*?
8:34 Loom
13:09 Feudal Age
19:46 Castle Age
audi_225
7:12 Loom
12:26 Feudal Age
16:42 Castle Age
15:01 Double-Bit Axe
17:42 Bow Saw
18:20 Wheelbarrow
21:46 Town Watch
22:18 Fletching
22:47 Forging
29:07 Horse Collar
31:25 Heavy Plow
35:38 Imperial Age
35:06 Scale Barding Armor
37:37 Elite Mameluke
M*rpheu$
8:47 Loom
12:37 Feudal Age
12:27 Loom
18:58 Castle Age
17:26 Double-Bit Axe
17:35 Horse Collar
19:05 Scale Barding Armor
24:44 Bloodlines
26:07 Wheelbarrow
25:17 Town Watch
26:18 Husbandry
26:47 Forging
29:44 Iron Casting
35:12 Chain Barding Armor
35:31 Heavy Plow
36:31 Gold Mining
36:32 Stone Mining
36:59 Bow Saw
43:11 Gold Shaft Mining
42:27 Stone Mining
43:44 Hand Cart
46:37 Imperial Age
Guts
3:27 Loom
14:48 Feudal Age
15:48 Double-Bit Axe
17:27 Fletching
29:47 Padded Archer Armor
34:21 Horse Collar
41:58 Castle Age
enzoyin68
5:18 Loom
14:14 Feudal Age
14:47 Town Watch
15:50 Double-Bit Axe
18:35 Castle Age
17:01 Stone Mining
17:16 Horse Collar
18:40 Fletching
championqc82
5:37 Loom
13:19 Feudal Age
16:58 Castle Age
15:26 Double-Bit Axe
15:58 Stone Mining
18:47 Town Watch
21:51 Wheelbarrow
28:04 Bow Saw
27:34 Horse Collar
32:32 Gold Mining
34:03 Fletching
34:52 Padded Archer Armor
35:50 Bodkin Arrow
37:22 Leather Archer Armor
37:30 Hand Cart
41:28 Imperial Age
40:08 Ballistics
40:49 Gold Shaft Mining
40:15 Heavy Plow
41:27 Thumb Ring
42:14 Bloodlines
42:06 Husbandry
42:13 Scale Barding Armor
42:38 Parthian Tactics
43:23 Two-Man Saw
43:33 Two-Man Saw
42:08 Capped Ram
43:19 Chain Barding Armor
43:01 Bracer
43:47 Recurve Bow
44:50 Chemistry
44:47 Ring Archer Armor
第一滴血
11:46 Feudal Age
13:06 Loom
15:46 Castle Age
14:17 Double-Bit Axe
28:04 Horse Collar
37:24 Imperial Age
35:21 Fletching
36:02 Bodkin Arrow
36:29 Bow Saw
36:10 Gold Mining
37:34 Wheelbarrow
36:51 Stone Mining
38:17 Bracer
38:49 Thumb Ring
38:58 Bloodlines
40:08 Ballistics
40:48 Chemistry
40:42 Padded Archer Armor
40:58 Hand Cart
40:45 Husbandry
41:28 Gold Shaft Mining
41:42 Leather Archer Armor
41:53 Town Watch
42:54 Conscription
43:07 Parthian Tactics
43:26 Elite Mangudai
精锐 N B
6:59 Loom
12:28 Feudal Age
15:51 Fletching
23:15 Castle Age
21:49 Double-Bit Axe
24:20 Bodkin Arrow
29:30 Crossbowman
35:31 Ballistics
43:03 Double-Bit Axe
Connection lost

Rejoining the realm…

Still unreachable

The connection could not be restored.

Session expired

The server has moved on; the page needs a fresh start.